 Dungeon Crawl Stone Soup version 0.21.1-1-g345015f (console) character file.

34 Homage the Grasshopper (level 3, 0/46 HPs)
             Began as a Gnoll Warper on Apr 10, 2018.
             Slain by an adder (3 damage)
             ... on level 2 of the Dungeon.
             The game lasted 00:05:35 (1557 turns).

Homage the Grasshopper (Gnoll Warper)               Turns: 1557, Time: 00:05:36

Health: 0/46       AC:  6    Str: 16 (18) XL:     3   Next: 31%
Magic:  1/9        EV: 12    Int: 14 (16) God:
Gold:   66         SH:  0    Dex: 11 (14) Spells: 7/12 levels left

rFire    . . .     SeeInvis .   a - +0 spear
rCold    . . .     Gourm    .   (no shield)
rNeg     . . .     Faith    .   k - +0 ring mail
rPois    .         Spirit   .   (no helmet)
rElec    .         Reflect  .   (no cloak)
rCorr    .         Harm     .   b - +0 pair of gloves
MR       .....                  (no boots)
Stlth    ..........             (no amulet)
HPRegen  0.15/turn              (no ring)
MPRegen  0.11/turn              (no ring)

@: berserking, lethally poisoned (0 -> -1), very quick
A: distributed training, fangs 1, strong nose
a: no special abilities


You were on level 2 of the Dungeon.
You were not hungry.

You visited 1 branch of the dungeon, and saw 2 of its levels.

You collected 66 gold pieces.


Innate Abilities, Weirdness & Mutations

Your experience applies equally to all skills.
You have very sharp teeth.
Your uncanny sense of smell can sniff out nearby items.


   Skills:
 + Level 4.5 Fighting
 + Level 0.7 Short Blades
 + Level 0.7 Long Blades
 + Level 0.7 Axes
 + Level 0.7 Maces & Flails
 + Level 4.5 Polearms
 + Level 0.7 Staves
 + Level 0.7 Slings
 + Level 0.7 Bows
 + Level 0.7 Crossbows
 + Level 2.6 Throwing
 + Level 2.6 Armour
 + Level 4.5 Dodging
 + Level 0.7 Stealth
 + Level 0.7 Shields
 + Level 0.7 Unarmed Combat
 + Level 5.0 Spellcasting
 + Level 0.5 Conjurations
 + Level 0.5 Hexes
 + Level 0.5 Charms
 + Level 0.5 Summonings
 + Level 0.5 Necromancy
 + Level 5.4 Translocations
 + Level 0.5 Transmutations
 + Level 0.5 Fire Magic
 + Level 0.5 Ice Magic
 + Level 0.5 Air Magic
 + Level 0.5 Earth Magic
 + Level 0.5 Poison Magic
 + Level 0.9 Invocations
 + Level 0.7 Evocations


You had 7 spell levels left.
You knew the following spells:

 Your Spells              Type           Power        Failure   Level  Hunger
v - Blink                 Tloc           N/A          5%          2    ##.....
Z - Gell's Gravitas       Tloc           ###.......   11%         3    ###....

Inventory:

Hand Weapons
 a - a +0 spear (weapon)
Missiles
 e - 5 tomahawks of dispersal (quivered)
Armour
 b - a +0 pair of gloves (worn)
 k - a +0 ring mail (worn)
Scrolls
 d - a scroll of blinking
 g - 4 scrolls of teleportation
 h - 2 scrolls of remove curse {unknown}
Potions
 i - a potion of cancellation {unknown}
 m - a potion of magic
 n - a potion of degeneration
Books
 c - a book of Spatial Translocations

   Spells                             Type                      Level
   a - Blink                          Translocation                2
   b - Shroud of Golubria             Charms/Translocation         2
   c - Lesser Beckoning               Translocation                3
   d - Gell's Gravitas                Translocation                3
   e - Teleport Other                 Translocation                3
   f - Passage of Golubria            Translocation                4
Comestibles
 f - 3 rations
 l - 3 chunks of flesh


Message History

The adder bites you.
You barely miss the adder.
The adder is severely wounded.
The adder bites you.
* * * LOW HITPOINT WARNING * * *
You miss the adder.
The adder is severely wounded.
You feel sick. The adder bites you.
* * * LOW HITPOINT WARNING * * *
The adder barely misses you.
Unknown command.
It was a potion of degeneration.
There was something very wrong with that liquid.
You feel weakened.
You feel dopey.
You feel clumsy. The adder bites you.
* * * LOW HITPOINT WARNING * * *
It was a potion of berserk rage.
A red film seems to cover your vision as you go berserk!
You feel yourself moving faster!
You feel mighty! The adder bites you.
You die...

#.....#.#.####.#.#..
#......#.# #.#...
#...(...##. #....
#.......... ....
#.........). ..
#.......##..
#......#. #.
##....#.#. #.@.$#
#S..#.# #..#.#..
#..##.... #.#......
#.........
####.##### .. ###


You could see an adder.

Vanquished Creatures
  A worm (D:2)
  A leopard gecko (D:1)
  A ball python (D:1)
  A giant cockroach (D:2)
  3 goblins (D:1)
  7 hobgoblins
  5 kobolds
  3 bats (D:1)
  A frilled lizard (D:1)
  5 rats
28 creatures vanquished.

Notes
Turn   | Place    | Note
-------+----------+-------------------------------------------
     0 | D:1      | Homage the Gnoll Warper began the quest for the Orb.
     0 | D:1      | Reached XP level 1. HP: 20/20 MP: 6/6
   283 | D:1      | Reached XP level 2. HP: 26/26 MP: 7/7
   444 | D:1      | Learned a level 2 spell: Blink
   746 | D:1      | Reached XP level 3. HP: 31/31 MP: 9/9
   759 | D:1      | Learned a level 3 spell: Gell's Gravitas
  1554 | D:2      | HP: 6/31 [adder (4)]
  1556 | D:2      | HP: 2/31 [adder (1)]
  1557 | D:2      | Slain by an adder

Vault maps used:
D:1:      minmay_arrival_five_plusses
D:2:      first_ration, minmay_misc_feat_secret_circle, minmay_rat_gold_closets

Action                   || total
-------------------------++-------
Melee: Spear             ||   130
       Bite              ||     9
 Cast: Blink             ||     5
  Use: Scroll            ||     3
       Potion            ||     2
  Eat: Chunk             ||     2
Armor: Leather armour    ||     9
       Ring mail         ||     8
Dodge: Dodged            ||    52
